AoeStats
← Chihuahua Letal

Arabia

508565162Analyzed
1v1 RM · 11d ago on Sep 23, 2026· 38m 46s· 2 players
Game mode
Random Map
Map size
Tiny (2 player)
Population
200
Speed
Normal
Resources
Standard
Victory
Conquest
Starting age
Dark Age
Ending age
Imperial Age
RankedLock teamsTeams togetherTeam positionsShared explorationLock speedFull tech treeHidden civsTurbo modeCheats
Victory
Defeat
🇹🇼 Vikings · Taiwan
963
+15
🇨🇱 Italians · Chile
951
-15
Chihuahua Letal
10:02 Feudal Age
17:30 Fletching
17:33 Double-Bit Axe
19:44 Loom
24:22 Castle Age
22:50 Padded Archer Armor
24:27 Crossbowman
25:30 Leather Archer Armor
31:47 Gold Mining
35:29 Light Cavalry
冰櫃
2:52 Loom
9:42 Feudal Age
10:08 Man-at-Arms
13:47 Double-Bit Axe
17:36 Horse Collar
20:20 Loom
23:05 Castle Age
21:21 Fletching
22:20 Scale Mail Armor
24:20 Bow Saw
24:46 Bodkin Arrow
24:26 Elite Skirmisher
25:49 Gold Mining
31:12 Chain Mail Armor
37:01 Imperial Age
36:12 Squires
35:58 Arson
38:33 Onager
Connection lost

Rejoining the realm…

Still unreachable

The connection could not be restored.

Session expired

The server has moved on; the page needs a fresh start.